[Event "Titled Tuesday Blitz June 27 Early 2023"]
[White "Di Benedetto, Edoardo"]
[Black "Vovk, Orest"]
[WhiteFideId "875740"]
[BlackFideId "14113490"]
[WhiteElo "2683"]
[BlackElo "2510"]
[Result "1-0"]
[Round "5"]
[TimeControl "180+2"]
[Date "2023.06.27"]
[WhiteClock "0:00:09"]
[BlackClock "0:00:00"]
[Board "94"]

1. d4 h6 2. c4 g5 3. e4 Bg7 4. Nc3 c5 5. d5 Bxc3+ 6. bxc3 d6 7. Bd3 Qa5 8. Qc2 Nd7 9. h4 g4 10. Ne2 Ngf6 11. O-O Ne5 12. Bf4 Nfd7 13. Qd2 Qa4 14. Bc2 Qxc4 15. Bxh6 Rxh6 16. Qxh6 Qxe2 17. Ba4 b5 18. Rfe1 Qc4 19. Bb3 Qxc3 20. Rac1 Qd4 21. Bc2 g3 22. Rf1 gxf2+ 23. Kh1 Ng4 24. Qf4 Nde5 25. Bd1 Qe3 26. Qxe3 Nxe3 27. Rxf2 Nd3 28. Rf3 Nxc1 29. Rxe3 Nxa2 30. Rg3 Kd7 31. Rg8 Bb7 32. Bg4+ e6 33. dxe6+ fxe6 34. Rg7+ Kc6 35. Bxe6 Kb6 36. Rxb7+ Kxb7 37. Bd5+ Kc7 38. Bxa8 Kd8 39. h5 Ke7 40. g4 Kf6 41. h6 Kg6 42. g5 c4 43. e5 dxe5 44. Be4+ Kf7 45. g6+ Kg8 46. Bd5+ Kf8 47. g7+ Ke7 48. g8=Q 1-0


[Site "https://www.chess.com"]

[Event "Titled Tuesday Blitz June 27 Early 2023"]
[White "Vyatkin, Dmitry"]
[Black "Taspinar, Yanki"]
[WhiteFideId "4171900"]
[BlackFideId "34561188"]
[WhiteElo "2508"]
[BlackElo "2665"]
[Result "0-1"]
[Round "5"]
[TimeControl "180+2"]
[Date "2023.06.27"]
[WhiteClock "0:00:03"]
[BlackClock "0:00:09"]
[Board "95"]

1. d4 Nf6 2. c4 g6 3. g3 Bg7 4. Bg2 d5 5. cxd5 Nxd5 6. Nf3 O-O 7. O-O Nc6 8. Nc3 Nb6 9. e3 e5 10. d5 Na5 11. e4 c6 12. b3 cxd5 13. exd5 e4 14. Nxe4 Bf5 15. Bg5 f6 16. Bd2 Bxe4 17. Bxa5 Qxd5 18. Qxd5+ Nxd5 19. Rad1 b6 20. Bd2 f5 21. Ng5 Bxg2 22. Kxg2 Rfe8 23. Rfe1 Bf6 24. Ne6 Re7 25. Nf4 Nxf4+ 26. Bxf4 Rxe1 27. Rxe1 Rd8 28. Rc1 Rd7 29. Rc8+ Kf7 30. h4 Re7 31. Ra8 Rd7 32. b4 Ke6 33. b5 Kd5 34. Bb8 Rd8 35. Rxa7 Rxb8 36. Rxh7 Bd4 37. a4 Ra8 38. Rh6 Rxa4 39. Rxg6 Ra2 40. h5 Rxf2+ 41. Kh3 Rf1 42. Kh2 Rc1 43. Rg5 Ke4 44. g4 f4 45. h6 f3 46. Rf5 f2 47. Kg2 Rg1+ 48. Kh2 f1=Q 49. Rxf1 Rxf1 0-1


[Site "https://www.chess.com"]

[Event "Titled Tuesday Blitz June 27 Early 2023"]
[White "Karttunen, Mika"]
[Black "Bagwe Gaurang"]
[WhiteFideId "502081"]
[BlackFideId "45039895"]
[WhiteElo "2653"]
[BlackElo "2508"]
[Result "1/2-1/2"]
[Round "5"]
[TimeControl "180+2"]
[Date "2023.06.27"]
[WhiteClock "0:00:20"]
[BlackClock "0:00:47"]
[Board "96"]

1. c4 c5 2. Nc3 Nc6 3. g3 g6 4. Bg2 Bg7 5. Nf3 e6 6. O-O Nge7 7. e3 d5 8. cxd5 exd5 9. d4 cxd4 10. exd4 Bg4 11. Bg5 O-O 12. h3 Be6 13. Qd2 Qd7 14. g4 Nc8 15. Bh6 f6 16. Bxg7 Kxg7 17. Na4 b6 18. Nc3 Nd6 19. Rfe1 Bg8 20. Re2 Rae8 21. Rae1 Rxe2 22. Rxe2 Re8 23. Rxe8 Qxe8 24. Qf4 Qe7 25. g5 fxg5 26. Nxg5 Qf6 27. Qc1 Nxd4 28. Qd2 Nc4 29. Qc1 Ne5 30. h4 h6 31. Nh3 Nef3+ 32. Kh1 Be6 33. Qe3 Bxh3 34. Bxh3 Qxh4 35. Kg2 Qg5+ 36. Qxg5 Nxg5 37. Nxd5 Nxh3 38. Kxh3 Ne6 39. Ne7 a5 40. Nd5 b5 41. b3 a4 42. bxa4 bxa4 43. Nc3 Nc5 44. Kg4 Kf6 45. Kf4 g5+ 46. Kg4 Kg6 47. Kf3 Kf5 48. Ke3 Ke5 49. a3 h5 50. Ne2 h4 51. f4+ gxf4+ 52. Nxf4 Ne6 53. Ng6+ Kd5 54. Nxh4 Kc4 55. Nf3 Kb3 56. Kd3 Nf4+ 57. Kd2 Kxa3 58. Kc2 Ka2 59. Nd4 Nd5 60. Nb5 a3 61. Nxa3 1/2-1/2


[Site "https://www.chess.com"]

[Event "Titled Tuesday Blitz June 27 Early 2023"]
[White "Pham, Le Thao Nguyen"]
[Black "Alex_Sahakyan2006"]
[WhiteFideId "12401226"]
[WhiteElo "2502"]
[BlackElo "2648"]
[Result "0-1"]
[Round "5"]
[TimeControl "180+2"]
[Date "2023.06.27"]
[WhiteClock "0:00:01"]
[BlackClock "0:00:13"]
[Board "97"]

1. d4 Nf6 2. c4 c5 3. Nf3 g6 4. Nc3 cxd4 5. Nxd4 Bg7 6. g3 O-O 7. Bg2 Nc6 8. O-O Qa5 9. e3 Qc5 10. b3 d5 11. Nxd5 Nxd5 12. cxd5 Nxd4 13. exd4 Qxd4 14. Qxd4 Bxd4 15. Bh6 Bxa1 16. Bxf8 Kxf8 17. Rxa1 Ke8 18. Rc1 Kd8 19. f4 a5 20. a3 Ra6 21. Kf2 Rb6 22. Rc3 Rd6 23. Ke3 b6 24. Kd4 Bb7 25. Rd3 e6 26. Ke5 Ke7 27. Rc3 f6+ 28. Kd4 Bxd5 29. Bxd5 Rxd5+ 30. Ke4 f5+ 31. Ke3 Kd7 32. h3 Rd1 33. g4 h6 34. a4 h5 35. g5 h4 36. Rc4 Rh1 37. Kd4 Kd6 38. Rc8 Rxh3 39. Rd8+ Ke7 40. Rg8 Kf7 41. Rb8 Rxb3 42. Rb7+ Ke8 43. Ke5 h3 44. Kxe6 Re3+ 45. Kf6 Re4 46. Kxg6 Rxf4 47. Rh7 Rxa4 48. Kf6 Rg4 49. g6 a4 50. g7 b5 51. Rh8+ Kd7 52. g8=Q Rxg8 53. Rxg8 a3 54. Ra8 h2 55. Ra7+ Kc6 0-1


[Site "https://www.chess.com"]

[Event "Titled Tuesday Blitz June 27 Early 2023"]
[White "Erzhanov, Arman"]
[Black "Weishaeutel, Moritz"]
[WhiteFideId "4138821"]
[BlackFideId "12967300"]
[WhiteElo "2500"]
[BlackElo "2648"]
[Result "1/2-1/2"]
[Round "5"]
[TimeControl "180+2"]
[Date "2023.06.27"]
[WhiteClock "0:00:15"]
[BlackClock "0:00:08"]
[Board "98"]

1. e4 e5 2. Nf3 Nf6 3. d3 Nc6 4. Be2 d5 5. Nbd2 g6 6. O-O Bg7 7. c3 O-O 8. b4 a6 9. a3 h6 10. Re1 Be6 11. Bf1 Qd7 12. Qc2 Rad8 13. Bb2 Nh5 14. exd5 Bxd5 15. c4 Bxf3 16. Nxf3 Nf4 17. b5 axb5 18. cxb5 Nd4 19. Nxd4 exd4 20. a4 Rfe8 21. Qd2 Qg4 22. Kh1 Nd5 23. Rxe8+ Rxe8 24. Re1 Ra8 25. Re4 Qd7 26. Bxd4 f5 27. Bxg7 fxe4 28. Bxh6 Rxa4 29. Qg5 Kh7 30. Qh4 Ra1 31. Kg1 Kg8 32. dxe4 Nc3 33. g3 Qd1 34. Qh3 Qxf1+ 35. Qxf1 Rxf1+ 36. Kxf1 Nxe4 37. Bf4 c6 38. bxc6 bxc6 39. Ke2 Kf7 40. h4 Nf6 41. Kd3 Nd5 42. Bd2 Ke6 43. Kd4 Kd6 44. Bf4+ Nxf4 45. gxf4 Ke6 46. Kc5 Kf5 47. Kxc6 Kxf4 48. Kd6 Kg4 49. Ke6 Kxh4 50. Kf6 g5 51. Kf5 g4 52. Kf4 Kh3 53. Kf5 g3 54. fxg3 Kxg3 1/2-1/2


[Site "https://www.chess.com"]

[Event "Titled Tuesday Blitz June 27 Early 2023"]
[White "Osmak, Yuliia"]
[Black "Schnaider, Ilan"]
[WhiteFideId "14101602"]
[BlackFideId "169013"]
[WhiteElo "2500"]
[BlackElo "2640"]
[Result "0-1"]
[Round "5"]
[TimeControl "180+2"]
[Date "2023.06.27"]
[WhiteClock "0:00:04"]
[BlackClock "0:00:37"]
[Board "99"]

1. e4 d5 2. exd5 Qxd5 3. Nc3 Qa5 4. d4 c6 5. Nf3 Nf6 6. Bc4 e6 7. O-O Be7 8. Ne2 O-O 9. c3 c5 10. dxc5 Qxc5 11. Qd4 Nc6 12. Qxc5 Bxc5 13. Bg5 Ne4 14. Bh4 e5 15. Bd5 Nf6 16. Bxc6 bxc6 17. Nxe5 Re8 18. Bg3 Nh5 19. Nd3 Bb6 20. Nef4 Nf6 21. Rfe1 Ba6 22. Rxe8+ Rxe8 23. Re1 Rd8 24. Nb4 Bb7 25. h3 c5 26. Nbd3 c4 27. Nb4 a5 28. Nc2 g5 29. Ne2 Rd2 30. Ned4 Ne4 31. Re3 f5 32. Re1 Nxg3 33. fxg3 Rxc2 34. Re8+ Kf7 35. Rb8 Bxd4+ 36. cxd4 Bxg2 37. Rb7+ Bxb7 0-1


[Site "https://www.chess.com"]

[Event "Titled Tuesday Blitz June 27 Early 2023"]
[White "Kaidanov, Gregory"]
[Black "Czerw, Dawid"]
[WhiteFideId "2008564"]
[BlackFideId "1145746"]
[WhiteElo "2640"]
[BlackElo "2494"]
[Result "1-0"]
[Round "5"]
[TimeControl "180+2"]
[Date "2023.06.27"]
[WhiteClock "0:02:29"]
[BlackClock "0:01:35"]
[Board "100"]

1. d4 d5 2. c4 c6 3. Nf3 Nf6 4. g3 Bg4 5. Bg2 Bxf3 6. Bxf3 e6 7. Nd2 Nbd7 8. O-O Bb4 9. Qc2 O-O 10. Rd1 Qe7 11. a3 Bd6 12. e4 dxe4 13. Nxe4 Nxe4 14. Bxe4 Nf6 15. Bg2 Rfd8 16. Re1 Qf8 17. Bg5 Rd7 18. Bxf6 gxf6 19. d5 cxd5 20. cxd5 Rc8 21. Qa4 Be5 22. Qxd7 1-0


[Site "https://www.chess.com"]

[Event "Titled Tuesday Blitz June 27 Early 2023"]
[White "Bauman_Guy"]
[Black "Koutlas, Nikolaos"]
[BlackFideId "25827138"]
[WhiteElo "2627"]
[BlackElo "2492"]
[Result "1-0"]
[Round "5"]
[TimeControl "180+2"]
[Date "2023.06.27"]
[WhiteClock "0:01:35"]
[BlackClock "0:00:01"]
[Board "101"]

1. e4 c5 2. Nf3 a6 3. a4 Nc6 4. d4 cxd4 5. Nxd4 e5 6. Nb3 Nf6 7. Bd3 d5 8. exd5 Qxd5 9. O-O Be6 10. Nc3 Qd7 11. Bg5 Be7 12. Bxf6 gxf6 13. Ne4 b6 14. a5 f5 15. Ng3 b5 16. Qh5 e4 17. Be2 Qd5 18. c4 bxc4 19. Rfd1 Qe5 20. Nd2 O-O-O 21. Nxc4 Qc5 22. Rdc1 Kb8 23. Nb6 Qd6 24. Nxf5 Bxf5 25. Qxf5 e3 26. fxe3 Rhe8 27. Bf3 Bg5 28. Qxg5 Ne5 29. Qf4 Rg8 30. Rd1 Nxf3+ 31. Qxf3 Qc5 32. Qa8+ Kc7 33. Qe4 Qxe3+ 34. Qxe3 1-0


[Site "https://www.chess.com"]

[Event "Titled Tuesday Blitz June 27 Early 2023"]
[White "Ahmad, Khagan"]
[Black "Ginzburg, Yakov"]
[WhiteFideId "13431552"]
[BlackFideId "4157176"]
[WhiteElo "2626"]
[BlackElo "2488"]
[Result "1-0"]
[Round "5"]
[TimeControl "180+2"]
[Date "2023.06.27"]
[WhiteClock "0:00:08"]
[BlackClock "0:00:12"]
[Board "102"]

1. e4 c5 2. Nf3 Nc6 3. d4 cxd4 4. Nxd4 e5 5. Nb5 d6 6. N1c3 Nf6 7. Bg5 a6 8. Na3 b5 9. Nd5 Be7 10. Bxf6 Bxf6 11. c4 O-O 12. cxb5 Nd4 13. bxa6 Bg5 14. Nc2 Nxc2+ 15. Qxc2 Bxa6 16. Bxa6 Qa5+ 17. b4 Qxa6 18. h4 Rfc8 19. Qe2 Qxe2+ 20. Kxe2 Rc2+ 21. Kf1 Raxa2 22. Rxa2 Rxa2 23. Rh3 Bd8 24. Rc3 Kf8 25. b5 Rb2 26. b6 Ke8 27. Rc8 Kd7 28. Rb8 Bxh4 29. g3 Bd8 30. b7 h5 31. Ke1 g5 32. Kd1 h4 33. gxh4 gxh4 34. Kc1 Rb5 35. Nc3 Rb4 36. Nd5 Rb5 37. Nc3 Rc5 38. Rxd8+ Kxd8 39. b8=Q+ Kd7 40. Kd2 h3 41. Qh8 1-0


[Site "https://www.chess.com"]

[Event "Titled Tuesday Blitz June 27 Early 2023"]
[White "Ritvin, Stanislav"]
[Black "Aldokhin, Ivan"]
[WhiteFideId "2011751"]
[BlackFideId "24115720"]
[WhiteElo "2488"]
[BlackElo "2622"]
[Result "1-0"]
[Round "5"]
[TimeControl "180+2"]
[Date "2023.06.27"]
[WhiteClock "0:00:13"]
[BlackClock "0:00:01"]
[Board "103"]

1. e4 c5 2. Nf3 e6 3. Nc3 a6 4. a3 Qc7 5. Bc4 b5 6. Ba2 Bb7 7. d3 Nf6 8. O-O Nc6 9. Re1 Ng4 10. h3 h5 11. Ne2 Nd4 12. Nexd4 cxd4 13. hxg4 hxg4 14. Nxd4 Bc5 15. Be3 O-O-O 16. Qxg4 f5 17. Qg3 Bd6 18. Qg6 Bh2+ 19. Kf1 Be5 20. c3 f4 21. Bd2 Rh4 22. Nf3 Rh6 23. Qg4 Bd6 24. Ke2 Rdh8 25. a4 Qd8 26. axb5 Qf6 27. Qg5 Qxg5 28. Nxg5 Rg6 29. Nf3 Rxg2 30. Rg1 Rxg1 31. Rxg1 axb5 32. Rxg7 Rh3 33. Rf7 Kc7 34. Bxf4 Bxf4 35. Rxf4 Rh1 36. Rf7 Ra1 37. Bxe6 Kd6 38. Rxd7+ Kxe6 39. Rxb7 Rb1 40. Nd4+ Ke5 41. Rxb5+ Kf4 42. Rf5+ Kg4 43. f3+ Kg3 44. c4 Rxb2+ 45. Ke3 Rb1 46. Rg5+ Kh4 47. Rg4+ Kh3 48. c5 Rc1 49. c6 Rc3 50. e5 Rc5 51. e6 Kh2 52. Kf4 Rd5 53. Ke4 Rd6 54. c7 1-0


[Site "https://www.chess.com"]

[Event "Titled Tuesday Blitz June 27 Early 2023"]
[White "Chen, Justin"]
[Black "NLLO777"]
[WhiteFideId "2098199"]
[WhiteElo "2618"]
[BlackElo "2479"]
[Result "1-0"]
[Round "5"]
[TimeControl "180+2"]
[Date "2023.06.27"]
[WhiteClock "0:00:43"]
[BlackClock "0:01:23"]
[Board "104"]

1. d4 Nf6 2. c4 c5 3. e3 g6 4. Nf3 Bg7 5. b3 cxd4 6. Nxd4 O-O 7. Bb2 d5 8. Nd2 Nc6 9. Be2 a5 10. O-O a4 11. bxa4 Bd7 12. Nb5 Qa5 13. cxd5 Nxd5 14. Bxg7 Kxg7 15. Nb3 Nc3 16. Nxc3 Qxc3 17. Qxd7 Rxa4 18. Bb5 Ra3 19. Bxc6 bxc6 20. Qxe7 Rfa8 21. Nd4 h5 22. Rac1 Qd3 23. Nxc6 Rxa2 24. Nb4 Qa3 25. Qe5+ f6 26. Qc7+ Kh6 27. Nxa2 Qxa2 28. Qf4+ g5 29. Qxf6+ Kh7 30. Rc7+ Kg8 31. Qg7# 1-0


[Site "https://www.chess.com"]

[Event "Titled Tuesday Blitz June 27 Early 2023"]
[White "Jaskolka, Tomasz"]
[Black "Jovic, Stanoje"]
[WhiteFideId "1170791"]
[BlackFideId "905020"]
[WhiteElo "2618"]
[BlackElo "2476"]
[Result "1/2-1/2"]
[Round "5"]
[TimeControl "180+2"]
[Date "2023.06.27"]
[WhiteClock "0:00:04"]
[BlackClock "0:00:05"]
[Board "105"]

1. d4 Nf6 2. Nc3 d5 3. Bf4 e6 4. Nb5 Bd6 5. Nxd6+ cxd6 6. e3 Nc6 7. c3 O-O 8. Nf3 b6 9. h3 a5 10. Rc1 Ba6 11. Bxa6 Rxa6 12. O-O b5 13. a4 Rb6 14. axb5 Rxb5 15. Qa4 Rb6 16. Rc2 Ne4 17. Nd2 Nxd2 18. Rxd2 Qd7 19. Rc1 Rfb8 20. c4 Rb4 21. Qa2 dxc4 22. Rxc4 Rxc4 23. Qxc4 d5 24. Qc3 Rc8 25. Rc2 Ne7 26. Qd2 Rxc2 27. Qxc2 a4 28. Kf1 f6 29. Ke2 Kf7 30. Kd1 Qb5 31. Qe2 Qb3+ 32. Kc1 a3 33. bxa3 Qxa3+ 34. Kd2 Qb2+ 35. Ke1 Qc1+ 36. Qd1 Qxd1+ 37. Kxd1 Nc6 38. Ke2 e5 39. dxe5 fxe5 40. Bg5 h6 41. Bh4 g5 42. Bg3 Ke6 43. h4 Kf5 44. hxg5 hxg5 45. f3 e4 46. Bf2 Ne5 47. Bg3 Nd3 48. Bd6 Nb2 49. Bb8 g4 50. fxg4+ Kxg4 51. Bf4 Nd3 52. Bb8 Kf5 53. Kd2 Nb2 54. Kc3 Nc4 55. Kd4 Ke6 56. g4 Na3 57. Bf4 Nc2+ 58. Kc3 Ne1 59. Kd4 Nc2+ 60. Kc3 Ne1 61. g5 Nf3 62. Kb4 Kf5 63. Kc5 d4 64. exd4 Kxf4 65. g6 Ng5 66. d5 e3 67. g7 e2 68. g8=Q e1=Q 69. Qf8+ Kg3 70. Qd6+ Kg4 71. Qd7+ Kf4 72. Qd6+ Kf5 73. Qd7+ Kf6 74. Qd8+ Kg6 75. Qd6+ Kg7 76. Qd7+ Nf7 77. Qg4+ Kf6 78. Qf4+ Ke7 79. Qc7+ Kf8 80. d6 Qc3+ 81. Kd5 Qd3+ 82. Ke6 Qe4+ 83. Kd7 Qa4+ 84. Kc8 Qa8+ 85. Qb8 Nxd6+ 86. Kc7+ Ne8+ 87. Kc8 Qc6+ 88. Kd8 Qf6+ 89. Kc8 Qe7 90. Qf4+ Nf6 91. Kb8 Kf7 92. Qc4+ Kg7 93. Qc3 Kf8 94. Qc8+ Kf7 95. Qc4+ Kf8 96. Qc8+ Kf7 97. Qc4+ 1/2-1/2


[Site "https://www.chess.com"]

[Event "Titled Tuesday Blitz June 27 Early 2023"]
[White "Elgersma, Onno"]
[Black "Lopez Gracia, Fernando"]
[WhiteFideId "1053531"]
[BlackFideId "2207184"]
[WhiteElo "2616"]
[BlackElo "2469"]
[Result "1-0"]
[Round "5"]
[TimeControl "180+2"]
[Date "2023.06.27"]
[WhiteClock "0:02:08"]
[BlackClock "0:02:22"]
[Board "106"]

1. Nf3 d5 2. b3 Nf6 3. Bb2 c6 4. e3 Bg4 5. h3 Bxf3 6. Qxf3 Nbd7 7. d4 e6 8. Nd2 Bd6 9. Bd3 Qe7 10. O-O e5 11. e4 dxe4 12. Nxe4 Nxe4 13. Qxe4 Nf6 14. Qh4 exd4 15. Rfe1 Be5 16. f4 1-0


[Site "https://www.chess.com"]

[Event "Titled Tuesday Blitz June 27 Early 2023"]
[White "Tokman, Ariel"]
[Black "Jakubowski, Krzysztof"]
[WhiteFideId "117420"]
[BlackFideId "1112848"]
[WhiteElo "2469"]
[BlackElo "2615"]
[Result "0-1"]
[Round "5"]
[TimeControl "180+2"]
[Date "2023.06.27"]
[WhiteClock "0:00:00"]
[BlackClock "0:00:05"]
[Board "107"]

1. d4 Nf6 2. Bf4 d6 3. e3 Nbd7 4. Nf3 Nh5 5. Bg5 h6 6. Bh4 g5 7. Bg3 e6 8. Bd3 f5 9. Nfd2 Ndf6 10. c4 Qe7 11. Nc3 Bd7 12. Bf1 O-O-O 13. Be2 Qf7 14. Qc2 Be7 15. O-O-O Rhg8 16. Bd3 f4 17. exf4 gxf4 18. Bh4 Rxg2 19. Rde1 Rdg8 20. Qb3 Kb8 21. Nde4 Bc8 22. c5 Nxe4 23. Bxe4 d5 24. Bxg2 Bxh4 25. Bf3 Bxf2 26. Rd1 Nf6 27. Rhf1 Be3+ 28. Kb1 c6 29. a3 Qg6+ 30. Ka2 Ne4 31. Nxe4 dxe4 32. Be2 Rd8 33. Qc3 Qg7 34. Bc4 Bxd4 35. Qb3 e5 36. Rfe1 e3 37. a4 Qe7 38. Rc1 Qc7 39. Bd3 Qa5 40. Kb1 f3 41. Be4 f2 42. Rxe3 Qd2 43. Rf3 Qe1 44. Bxc6 Be3 45. Rxe1 fxe1=Q+ 46. Ka2 Bxc5 0-1


[Site "https://www.chess.com"]

[Event "Titled Tuesday Blitz June 27 Early 2023"]
[White "Ganiev, Roman"]
[Black "Silva, Caio Henrique Angelico"]
[WhiteFideId "4131452"]
[BlackFideId "22777210"]
[WhiteElo "2613"]
[BlackElo "2468"]
[Result "1-0"]
[Round "5"]
[TimeControl "180+2"]
[Date "2023.06.27"]
[WhiteClock "0:02:11"]
[BlackClock "0:01:40"]
[Board "108"]

1. e4 c6 2. d4 d5 3. Nc3 dxe4 4. Nxe4 Nf6 5. Nxf6+ exf6 6. c3 Bd6 7. Bd3 O-O 8. Ne2 Re8 9. O-O Qc7 10. Ng3 Nd7 11. Qf3 Nf8 12. Bd2 Ng6 13. Rfe1 Bd7 14. Qh5 Rxe1+ 15. Rxe1 Re8 16. Rxe8+ Bxe8 17. Nf5 Bf8 18. h4 Bd7 19. Qf3 Ne7 20. Nxe7+ Bxe7 21. Qe4 Qd6 22. Qxh7+ 1-0


[Site "https://www.chess.com"]

[Event "Titled Tuesday Blitz June 27 Early 2023"]
[White "Eynullayev, Atilla"]
[Black "Komov, Roman"]
[WhiteFideId "13413570"]
[BlackFideId "24175714"]
[WhiteElo "2468"]
[BlackElo "2609"]
[Result "0-1"]
[Round "5"]
[TimeControl "180+2"]
[Date "2023.06.27"]
[WhiteClock "0:00:03"]
[BlackClock "0:00:03"]
[Board "109"]

1. d4 Nf6 2. c4 e6 3. Nc3 Bb4 4. e3 O-O 5. Bd3 d5 6. Nf3 c5 7. cxd5 exd5 8. dxc5 Nc6 9. O-O Bg4 10. h3 Bh5 11. Na4 Qe7 12. a3 Bxc5 13. Nxc5 Qxc5 14. b4 Qc3 15. Ra2 Bxf3 16. gxf3 Qe5 17. f4 Qe6 18. Qf3 Ne4 19. Rc2 a6 20. Bb2 f6 21. Kh2 Kh8 22. Rg1 Rad8 23. Qh5 Qf7 24. Qh4 Ne7 25. f3 Nf5 26. Qe1 Ned6 27. e4 dxe4 28. fxe4 Rfe8 29. Rcg2 Qh5 30. Qa1 Nxe4 31. Bxe4 Rxe4 32. Bxf6 Rd3 33. Bxg7+ Kg8 34. Bh6+ Kf7 35. Rg7+ Ke6 36. Qa2+ Kd6 37. Qg2 Re2 38. Rg6+ hxg6 39. Bf8+ Kd7 40. Qxe2 Qxe2+ 41. Rg2 Rxh3+ 42. Kxh3 Qh5# 0-1


[Site "https://www.chess.com"]

[Event "Titled Tuesday Blitz June 27 Early 2023"]
[White "MKlose11"]
[Black "Kovalevsky, Stanislav"]
[BlackFideId "13508598"]
[WhiteElo "2607"]
[BlackElo "2468"]
[Result "0-1"]
[Round "5"]
[TimeControl "180+2"]
[Date "2023.06.27"]
[WhiteClock "0:00:03"]
[BlackClock "0:00:04"]
[Board "110"]

1. e4 e6 2. d4 d5 3. Nd2 dxe4 4. Nxe4 Nf6 5. Bd3 Bd7 6. Nf3 Bc6 7. Qe2 Be7 8. O-O Qd5 9. Ng3 Nbd7 10. c4 Qa5 11. Bd2 Bxf3 12. gxf3 Qb6 13. Be3 c5 14. b4 cxd4 15. c5 Qxb4 16. Rab1 Qxc5 17. Rfc1 dxe3 18. Rxc5 exf2+ 19. Kxf2 Bxc5+ 20. Kg2 Nd5 21. Qe4 Nc3 22. Qxb7 Rd8 23. Rc1 Nd5 24. Bb5 O-O 25. Bxd7 Be3 26. Rc8 Rxc8 27. Bxc8 Rd8 28. Ne2 Bb6 29. Bd7 h6 30. Bc6 Ne3+ 31. Kg3 Rd2 32. Bb5 Nf5+ 33. Kf4 Be3+ 34. Kg4 g6 35. h4 h5+ 36. Kh3 Rd1 37. Qc8+ Kg7 38. Qc2 Kg8 39. Qxd1 Bf2 40. Qd8+ Kg7 41. Nf4 Bxh4 42. Bd3 Bxd8 43. Bxf5 gxf5 44. Nxh5+ Kg6 45. Nf4+ Kg5 46. Nd3 f6 47. Kg2 e5 48. Nc5 Bb6 49. Ne6+ Kg6 50. f4 Kf7 51. fxe5 Kxe6 52. exf6 Kxf6 53. Kf3 Ke5 0-1


[Site "https://www.chess.com"]

[Event "Titled Tuesday Blitz June 27 Early 2023"]
[White "infinitypoint"]
[Black "Mazurkiewicz, Michal"]
[BlackFideId "1124943"]
[WhiteElo "2607"]
[BlackElo "2465"]
[Result "1-0"]
[Round "5"]
[TimeControl "180+2"]
[Date "2023.06.27"]
[WhiteClock "0:00:34"]
[BlackClock "0:00:03"]
[Board "111"]

1. d4 Nf6 2. c4 e5 3. dxe5 Ng4 4. Nf3 Bc5 5. e3 Nc6 6. Nc3 O-O 7. Qd5 Qe7 8. a3 a5 9. Nb5 d6 10. exd6 cxd6 11. Be2 Be6 12. Qd1 Rad8 13. Nc3 Nce5 14. Nd5 Nxf3+ 15. Bxf3 Qh4 16. Qe2 Nxh2 17. g3 Nxf3+ 18. Qxf3 Qg4 19. Qg2 Rfe8 20. Rh4 Qf5 21. Bd2 Bxd5 22. Qxd5 Re5 23. Qxb7 Rde8 24. O-O-O Qxf2 25. Rf4 R5e7 26. Qxe7 Qxd2+ 27. Kxd2 Rxe7 28. Rf3 f5 29. Kd3 g6 30. Rb1 a4 31. b4 axb3 32. Rxb3 Ra7 33. e4 fxe4+ 34. Kxe4 Bxa3 35. Rxa3 Kg7 36. Rxa7+ Kh6 37. Kf4 d5 38. Kg4 dxc4 39. Rff7 g5 40. Rf6# 1-0


[Site "https://www.chess.com"]

[Event "Titled Tuesday Blitz June 27 Early 2023"]
[White "Herzog2012"]
[Black "Piesik, Piotr"]
[BlackFideId "1136194"]
[WhiteElo "2463"]
[BlackElo "2606"]
[Result "1-0"]
[Round "5"]
[TimeControl "180+2"]
[Date "2023.06.27"]
[WhiteClock "0:00:03"]
[BlackClock "0:00:00"]
[Board "112"]

1. e4 g6 2. d4 Bg7 3. Nc3 c6 4. a4 d6 5. f4 Nf6 6. Nf3 O-O 7. Bd3 Bg4 8. h3 Bxf3 9. Qxf3 e5 10. dxe5 dxe5 11. f5 Nh5 12. Be3 Nd7 13. Ne2 Nf4 14. g3 Nxd3+ 15. cxd3 Qa5+ 16. Kf2 Nc5 17. f6 Nxd3+ 18. Kg2 Bh8 19. h4 Rad8 20. g4 Nf4+ 21. Nxf4 exf4 22. Qxf4 Rd3 23. Rad1 Qd8 24. Rxd3 Qxd3 25. g5 Re8 26. e5 Qd5+ 27. Qf3 Qxe5 28. Bf4 Qxb2+ 29. Kg3 h6 30. Rd1 hxg5 31. hxg5 Bxf6 32. gxf6 Qxf6 33. Rf1 Qf5 34. Kg2 Re4 35. Qg3 1-0


[Site "https://www.chess.com"]

[Event "Titled Tuesday Blitz June 27 Early 2023"]
[White "gueraumasague"]
[Black "Spata, German"]
[BlackFideId "113026"]
[WhiteElo "2459"]
[BlackElo "2603"]
[Result "1-0"]
[Round "5"]
[TimeControl "180+2"]
[Date "2023.06.27"]
[WhiteClock "0:00:13"]
[BlackClock "0:00:00"]
[Board "113"]

1. e4 c5 2. Nc3 a6 3. g3 g6 4. Bg2 Bg7 5. d3 Nc6 6. Be3 d6 7. Qd2 Nd4 8. Nd1 Rb8 9. c3 Nc6 10. d4 cxd4 11. cxd4 Qa5 12. Nc3 Nf6 13. h3 O-O 14. Nge2 Bd7 15. O-O Rfc8 16. f4 Qd8 17. e5 Ne8 18. Rad1 Na5 19. b3 e6 20. Ne4 d5 21. Nc5 Nc6 22. g4 Ne7 23. Ng3 b6 24. Nxa6 Ra8 25. Nb4 Bb5 26. Rf2 Nc6 27. f5 exf5 28. Nxd5 fxg4 29. Bg5 Qd7 30. Nxb6 Qa7 31. Nxc8 Rxc8 32. hxg4 Nc7 33. a4 Ba6 34. Bxc6 Ne6 35. Bd5 Nxg5 36. Qxg5 Rf8 37. Ne4 1-0


[Site "https://www.chess.com"]

[Event "Titled Tuesday Blitz June 27 Early 2023"]
[White "robertoalejandro10"]
[Black "Reprintsev, Alexander"]
[BlackFideId "14100541"]
[WhiteElo "2602"]
[BlackElo "2456"]
[Result "0-1"]
[Round "5"]
[TimeControl "180+2"]
[Date "2023.06.27"]
[WhiteClock "0:00:01"]
[BlackClock "0:00:26"]
[Board "114"]

1. Nf3 Nc6 2. c4 e5 3. Nc3 Bb4 4. Nd5 e4 5. Nxb4 Nxb4 6. Nd4 Qe7 7. a3 Nc6 8. Nxc6 dxc6 9. g3 h5 10. h4 Bg4 11. Bg2 O-O-O 12. O-O Nf6 13. Re1 Qe6 14. Qa4 Kb8 15. d4 exd3 16. Be3 a6 17. exd3 Qf5 18. Bxc6 Bf3 19. Bxf3 Qxf3 20. b4 Rxd3 21. b5 Ng4 22. bxa6 Rxe3 23. Rxe3 Nxe3 24. fxe3 Qxg3+ 25. Kh1 Qxh4+ 26. Kg1 Qg3+ 27. Kh1 Qh3+ 28. Kg1 Qxe3+ 29. Kh1 Qe4+ 30. Kh2 Qe5+ 31. Kh3 Qxa1 32. axb7 Qc3+ 33. Kh2 Qb2+ 0-1


[Site "https://www.chess.com"]

[Event "Titled Tuesday Blitz June 27 Early 2023"]
[White "Morgunov, Anatoly"]
[Black "Domingo Nunez, Alejandro"]
[WhiteFideId "4145909"]
[BlackFideId "22245561"]
[WhiteElo "2455"]
[BlackElo "2600"]
[Result "1/2-1/2"]
[Round "5"]
[TimeControl "180+2"]
[Date "2023.06.27"]
[WhiteClock "0:00:11"]
[BlackClock "0:00:04"]
[Board "115"]

1. d4 g6 2. c4 Bg7 3. Nc3 d6 4. e4 Nf6 5. Be2 O-O 6. Be3 e5 7. d5 Na6 8. g4 Nc5 9. f3 Ne8 10. h4 f5 11. gxf5 gxf5 12. Bxc5 dxc5 13. h5 Qg5 14. Bf1 Bh6 15. Qe2 Nd6 16. Qg2 Qxg2 17. Bxg2 Nxc4 18. Nb5 Rf7 19. b3 Ne3 20. Kf2 fxe4 21. Re1 exf3 22. Nxf3 e4 23. Rxe3 Bxe3+ 24. Kxe3 exf3 25. Bxf3 a6 26. Rg1+ Kf8 27. Nc3 Bf5 28. d6 Re8+ 29. Kd2 cxd6 30. h6 Be6 31. Bh5 d5 32. Bxf7 Bxf7 33. Rf1 Re5 34. Na4 d4 35. Nb2 Ke7 36. Nd3 Rh5 37. Re1+ Kd6 38. Re2 Rxh6 39. Ne5 Be6 40. Nd3 b5 41. Rf2 c4 42. bxc4 bxc4 43. Nf4 Rf6 44. Nh3 Rxf2+ 45. Nxf2 Ke5 46. Nh1 Kf4 47. Nf2 Bf5 48. Nd1 c3+ 49. Kc1 Kf3 50. a4 Ke2 51. a5 c2 52. Nc3+ Ke1 53. Na2 d3 54. Kb2 d2 55. Kb3 c1=Q 56. Nc3 Qxc3+ 57. Kxc3 d1=Q 58. Kc4 Qd6 59. Kc3 Qc5+ 60. Kb2 Qxa5 61. Kc1 Qb5 1/2-1/2


[Site "https://www.chess.com"]